 Dungeon Crawl Stone Soup version 0.20-a0-1126-g0f15420 (webtiles) character file.

431 FastMan the Chopper (level 6, -4/40 HPs)
             Began as a Gargoyle Gladiator on May 17, 2017.
             Was an Initiate of Okawaru.
             Slain by a gnoll
             ... wielding a +0 halberd
              (7 damage)
             ... on level 5 of the Dungeon.
             The game lasted 00:04:57 (4078 turns).

FastMan the Chopper (Gargoyle Gladiator)            Turns: 4078, Time: 00:04:57

Health: -4/40      AC: 16    Str: 22      XL:     6   Next: 99%
Magic:  6/6        EV:  6    Int:  7 (9)  God:    Okawaru [......]
Gold:   89         SH:  0    Dex: 10 (11) Spells: 5/5 levels left

rFire    . . .     SeeInvis .   a - +0 war axe
rCold    . . .     Gourm    .   (no shield)
rNeg     + . .     Faith    .   j - +0 plate armour
rPois    ∞         Spirit   .   c - +1 helmet
rElec    +         Reflect  .   (no cloak)
rCorr    .         Harm     .   (no gloves)
MR       .....                  (no boots)
Stlth    ..........             (no amulet)
Regen    0.2/turn               d - +3 ring of strength
MPRegen  0.1/turn               (no ring)

@: no status effects
A: negative energy resistance 1, electricity resistance, unbreathing,
petrification resistance, rot immunity, AC +4
a: Renounce Religion


You were on level 5 of the Dungeon.
You worshipped Okawaru.
Okawaru was noncommittal.
You were hungry.

You visited 2 branches of the dungeon, and saw 6 of its levels.

You collected 89 gold pieces.

Inventory:

Hand Weapons
 a - a +0 war axe (weapon)
Armour
 c - a +1 helmet (worn)
 j - a +0 plate armour (worn)
Jewellery
 d - a +3 ring of strength (left hand)
Scrolls
 e - 2 scrolls of teleportation {@r3}
 m - 3 scrolls of remove curse {@r2}
 n - a scroll of fog {unknown}
 p - a scroll of enchant armour
 r - a scroll of recharging {unknown}
Potions
 b - 2 potions of might {@q4}
 o - a potion of curing {@q1}
 q - a potion of brilliance {@q6}
Comestibles
 f - 2 bread rations {@e1}
 h - 2 royal jellies {@e3}
 k - 2 fruits {@e4}


   Skills:
 + Level 4.8 Fighting
 * Level 5.8 Axes
 - Level 1.7 Throwing
 - Level 2.4 Dodging


You had 5 spell levels left.
You didn't know any spells.

Dungeon Overview and Level Annotations

Branches:
Dungeon (5/15)             Temple (1/1) D:4

Altars:
Ashenzari
Cheibriados
Dithmenos
Elyvilon
Gozag
Hepliaklqana
Kikubaaqudgha
Makhleb
Nemelex Xobeh
Okawaru
Qazlal
Ru
Sif Muna
Uskayaw
Vehumet
Wu Jian
Zin

Annotations:
D:4 Eustachio; GEC's ghost, novice DsFi


Innate Abilities, Weirdness & Mutations

You are resistant to torment.
Your stone body is resilient. (AC +4)
You are immune to poison.
You resist negative energy. (rN+)
You are resistant to electric shocks. (rElec)
You can survive without breathing.
You are immune to petrification.
You are immune to rotting.


Message History

You closely miss the gnoll. The gnoll closely misses you.
The gnoll hits you but does no damage.
You closely miss the gnoll. The gnoll closely misses you.
The gnoll hits you but does no damage.
Your plate armour prevents you from hitting the gnoll.
The gnoll hits you with a spear. x2; The gnoll hits you but does no damage.
You slash the gnoll!
The gnoll is severely wounded.
The gnoll hits you with a spear.
The gnoll hits you from afar with a halberd.
* * * LOW HITPOINT WARNING * * *
The gnoll hits you but does no damage. The gnoll closely misses you.
You slash the gnoll!
You kill the gnoll!
Okawaru accepts your kill.
The gnoll hits you from afar with a halberd!
* * * LOW HITPOINT WARNING * * *
The gnoll hits you but does no damage. The gnoll hits you with a halberd!
You die...

####### #.....#
#####.....####### #############
.....)......)...# #...........##
####.....#####.# ##.######......
####....g#####.###...#####......
#..g.....gg.g.g@........##......
#g############g#..#####<.......#
#[# #.##.# #g##.....(


gg# #.##.# #......... .ggg #.##.# #.#.....<. .... #.##)#####..###..## .....
#.#..).!...#.#.#### ..... #...#########.# ## #...## ...... #.####. You could see
6 gnolls.

Vanquished Creatures
  2 gnoll shamans (D:5)
  A hound (D:4)
  An orc priest (D:3)
  A centaur skeleton (D:4)
  A bullfrog skeleton (D:4)
  A worker ant (D:4)
  A hound skeleton (D:4)
  Robin (D:4)
  5 gnolls (D:5)
  5 adders
  A shadow imp (D:5)
  An ooze (D:3)
  4 worms
  A dart slug (D:1)
  3 leopard geckos
  8 orcs
  3 giant cockroaches
  10 goblins
  17 hobgoblins
  2 jackals (D:2)
  2 quokkas
  5 bats
  7 frilled lizards
  5 kobolds
  12 rats
100 creatures vanquished.

Notes
Turn   | Place    | Note
-------+----------+-------------------------------------------
     0 | D:1      | FastMan the Gargoyle Gladiator began the quest for the Orb.
     0 | D:1      | Reached XP level 1. HP: 12/12 MP: 1/1
   147 | D:1      | Reached skill level 3 in Axes
   226 | D:1      | Reached XP level 2. HP: 18/18 MP: 2/2
   762 | D:2      | Reached XP level 3. HP: 16/22 MP: 3/3
  1247 | D:2      | Reached XP level 4. HP: 25/28 MP: 4/4
  1385 | D:2      | Found a faded altar of an unknown god.
  1385 | D:2      | Found a glowing silver altar of Zin.
  1391 | D:2      | Found a faded altar of an unknown god.
  1393 | D:2      | Found a burning altar of Makhleb.
  1394 | D:2      | Found a radiant altar of Vehumet.
  1422 | D:2      | Reached skill level 4 in Axes
  1619 | D:3      | Reached XP level 5. HP: 31/32 MP: 5/5
  2171 | D:4      | Noticed Robin
  2190 | D:4      | Reached skill level 5 in Axes
  2196 | D:4      | Killed Robin
  2199 | D:4      | Noticed an ogre
  2226 | D:4      | Noticed Eustachio
  2492 | D:4      | Found a staircase to the Ecumenical Temple.
  2513 | D:4      | Reached XP level 6. HP: 38/38 MP: 6/6
  2522 | Temple   | Entered the Ecumenical Temple
  2735 | Temple   | Became a worshipper of Warmaster Okawaru
  2793 | D:4      | Noticed GEC's ghost (novice DsFi)
  3655 | D:5      | Entered Level 5 of the Dungeon
  4078 | D:5      | Slain by a gnoll

Vault maps used:
D:1:      lemuel_arrival_broad_hall
D:2:      chequers_temple_overflow_minitemple, first_bread
D:4:      minmay_temple_entry_crystal_x, solitary_fountain, uniq_robin,
          uniq_eustachio
D:5:      mumra_celtic_spiral_tile, nicolae_overflow_hidden_temple
Temple:   eino_temple_water

Skill      XL: |  1  2  3  4  5 |
---------------+----------------+-----
Axes           | 3 4 5 |  5.8
Fighting       | 3 4 |  4.8
Throwing       | |  1.7
Dodging        | |  2.4

Action                   |  1- 3 |  4- 6 || total
-------------------------+-------+-------++-------
Melee: War axe           |   125 |   308 ||   433
Throw: Throwing net      |       |     4 ||     4
  Use: Potion            |       |     1 ||     1
       Scroll            |       |     7 ||     7
  Eat: Chunk             |     1 |     4 ||     5
       Meat ration       |       |     1 ||     1
Armor: Leather armour    |    12 |       ||    12
       Plate armour      |   110 |   342 ||   452
Dodge: Dodged            |    53 |   114 ||   167
